 Dungeon Crawl Stone Soup version 0.32-a0-433-g08bcfe7efd (webtiles) character file.

Game seed: 16283857224106174698

196 ezpacito the Trooper (level 5, 0/42 HPs)
             Began as a Demonspawn Chaos Knight on Feb 22, 2024.
             Was a Plaything of Xom.
             Killed by nerve-wracking pain
             ... invoked by Grinder
              (9 damage)
             ... on level 5 of the Dungeon.
             The game lasted 00:05:54 (1725 turns).

ezpacito the Trooper (Demonspawn Chaos Knight)      Turns: 1725, Time: 00:05:55

Health: 0/42       AC:  7    Str: 14    XL:     5   Next: 46%
Magic:  6/6        EV: 12    Int: 12    God:    Xom [..*...]
Gold:   70         SH:  0    Dex: 13    Spells: 5/5 levels left

rFire   . . .        a - +0 hand axe (chaos)
rCold   . . .        (no shield)
rNeg    . . .        b - +2 leather armour
rPois   .            (no helmet)
rElec   .            (no cloak)
rCorr   .            (no gloves)
SInv    .            h - +1 pair of boots
Will    .....        (no amulet)
Stlth   +            (no ring)
HPRegen 0.27/turn    (no ring)
MPRegen 0.10/turn

%: no passive effects
@: liquefying, slowed movement, very slow
A: weakness stinger 2
a: Renounce Religion


You were on level 5 of the Dungeon.
You worshipped Xom.
You were a toy of Xom.
You visited 1 branch of the dungeon, and saw 5 of its levels.

You collected 70 gold pieces.

Inventory:

Hand Weapons
 a - a +0 hand axe of chaos (weapon)
Armour
 b - a +2 leather armour (worn)
 h - a +1 pair of boots (worn)
Talismans
 c - a beast talisman
 d - a flux talisman


   Skills:
 * Level 3.6 Fighting
 * Level 3.2(3.3) Axes
 + Level 0.7(2.2) Maces & Flails
 * Level 2.6 Armour
 * Level 2.0 Dodging
 + Level 1.2 Stealth
 * Level 1.6 Unarmed Combat
 + Level 0.7 Spellcasting


You had 5 spell levels left.
You didn't know any spells.
Your spell library contained the following spells:

 Spells                   Type           Power      Damage    Failure   Level
 Shock                    Conj/Air       0%         1d3       36%         1
 Call Canine Familiar     Summ           0%         N/A       75%         3
 Sigil of Binding         Hex            0%         N/A       75%         3
 Swiftness                Air            0%         N/A       75%         3
 Tukima's Dance           Hex            0%         N/A       75%         3
 Airstrike                Air            0%         2d(0-16)  98%         4
 Dimensional Bullseye     Hex/Tloc       0%         N/A       98%         4
 Iskenderun's Mystic Bla  Conj/Tloc      0%         2d3       98%         4


Dungeon Overview and Level Annotations

Branches:
Dungeon (6/15)
 Temple: D:4-7

Altars:

Shops:
D:2 *

Annotations:
D:5 Duvessa, Grinder, Menkaure


Innate Abilities, Weirdness & Mutations

You have a tail ending in a sharp stinger.


Message History

Xom titters.
The ogre looks rather confused.
Menkaure, Prince of Dust comes into view.
As you read the scroll of teleportation, it crumbles to dust.
You feel strangely unstable.
Menkaure shouts!
Duvessa, Sister of Dowan comes into view.
She is wielding a +2 rapier of electrocution.
Duvessa shouts!
Xom titters.
Menkaure looks rather confused.
Duvessa looks rather confused.
The ogre looks rather confused.
Duvessa moves out of view.
Your surroundings suddenly seem different.
Found a scroll of teleportation.
You see here a scroll of teleportation.
Grinder is nearby!
You closely miss Grinder. "See what I see, my child!"
You detect creatures!
Grinder hits you but does no damage.
You hit Grinder.
Grinder is lightly wounded.
Xom plays with reality for a moment.
The ground around you becomes liquefied!
Grinder gestures at you. Pain shoots through your body!
* * * LOW HITPOINT WARNING * * *
Grinder gestures at you.
You suddenly lose the ability to move!
Grinder gestures at you.
You barely resist.
You can move again.
You closely miss Grinder.
Grinder is lightly wounded.
Xom plays with reality for a moment.
Grinder easily resists.
Grinder says, "Are you a fish?" Grinder gestures at you.
Pain shoots through your body!
You die...
Grinder says, "Now the real fun starts!"
Xom titters!

####......... #.# S
#.........######..#
######.#######........#
.......# #........##.#
######## #..#........#
# #.######## #.# ######
#.###.# ...... #@....#
###### #....5.##### #
#....... # #......## #
#......# # ######## #
#.:.. # o #... # #...


You could see Grinder (struggling).

Vanquished Creatures
  A phantom (D:5)
  Jessica (D:3)
  2 adders
  A dart slug (D:1)
  A ribbon worm (D:2)
  6 orcs
  5 bats
  6 endoplasms
  A giant cockroach (D:1)
  3 goblins
  5 hobgoblins
  8 jackals
  5 kobolds
  3 quokkas
  2 ball pythons (D:1)
  5 frilled lizards
  5 rats
60 creatures vanquished.

Notes
Turn   | Place    | Note
-------+----------+-------------------------------------------
     0 | D:1      | ezpacito the Demonspawn Chaos Knight began the quest for
                  | the Orb.
     0 | D:1      | Reached XP level 1. HP: 18/18 MP: 1/1
   171 | D:1      | Reached skill level 1 in Dodging
   173 | D:1      | Gained mutation: You have a small tail. [demonic ancestry]
   173 | D:1      | Reached XP level 2. HP: 17/24 MP: 2/2
   228 | D:1      | XOM: potion effect (invisibility)
   342 | D:1      | XOM: silly message
   386 | D:1      | Reached XP level 3. HP: 25/29 MP: 3/3
   427 | D:1      | XOM: divination: magic mapping
   813 | D:2      | Reached skill level 1 in Unarmed Combat
   873 | D:2      | XOM: divination: magic mapping
   879 | D:2      | Found Biujikux's Assorted Antiques.
   981 | D:2      | Reached skill level 1 in Stealth
  1025 | D:2      | XOM: silly message
  1060 | D:2      | Reached XP level 4. HP: 33/35 MP: 4/4
  1343 | D:3      | Noticed Jessica
  1349 | D:3      | Killed Jessica
  1450 | D:3      | You fall into a shaft and drop 3 floors!
  1455 | D:5      | Entered Level 5 of the Dungeon
  1460 | D:5      | Noticed Grinder
  1478 | D:5      | Paralysed by Grinder for 2 turns
  1491 | D:5      | Paralysed by Grinder for 2 turns
  1494 | D:5      | XOM: 7-stop teleportation journey
  1497 | D:5      | Noticed a phantom
  1517 | D:5      | Killed a phantom
  1518 | D:5      | Gained mutation: You have a tail ending in a sharp stinger.
                  | [demonic ancestry]
  1518 | D:5      | Reached XP level 5. HP: 27/42 MP: 4/6
  1611 | D:5      | XOM: enchant monster (bad)
  1621 | D:5      | XOM: fake destruction
  1636 | D:5      | XOM: cast spell 'Death Channel'
  1640 | D:5      | Xom revived you
  1670 | D:5      | Noticed an ogre
  1670 | D:5      | XOM: 2-stop teleportation journey
  1708 | D:5      | XOM: confuse monster(s)
  1711 | D:5      | Noticed Menkaure
  1714 | D:5      | Noticed Duvessa
  1714 | D:5      | XOM: confuse monster(s)
  1722 | D:5      | XOM: divination: detect creatures
  1723 | D:5      | XOM: cast spell 'Leda's Liquefaction'
  1723 | D:5      | Paralysed by Grinder for 2 turns
  1725 | D:5      | XOM: cast spell 'Cause Fear'
  1725 | D:5      | Killed from afar by Grinder

Illustrated notes

Levels and vault maps discovered:
D:1:      lightli_arrival_noodles, layout_rooms, hangedman_decor_points,
          st_stairs_5
D:2:      layout_rooms, serial_shops,
          nicolae_shop_temple_entry_statues_fountains
D:3:      layout_loops_ring, shapermc_ecumenical_altar_rom_forum,
          grunt_ministairs_7, uniq_jessica
D:5:      layout_basic, hex_intersection, minmay_misc_feat_encased, uniq_pikel,
          uniq_menkaure, uniq_grinder, uniq_blork_the_orc, uniq_duvessa
D:6:      layout_basic, mainiacjoe_overflow_tiny_flanked, uniq_jeremiah,
          uniq_prince_ribbit1

Skill      XL: |  1  2  3  4 |
---------------+-------------+-----
Dodging        | 1 2 |  2.0
Armour         | 2 |  2.6
Unarmed Combat | 1 |  1.6
Axes           | 3 |  3.2
Stealth        | 1 |  1.2
Fighting       | |  3.6
Maces & Flails | |  0.7
Spellcasting   | |  0.7

Action                     |  1- 3 |  4- 6 || total
---------------------------+-------+-------++-------
  Melee: Hand axe          |   133 |    72 ||   205
         Tailslap          |     6 |     2 ||     8
    Use: Scroll            |     4 |     4 ||     8
         Potion            |       |     2 ||     2
 Armour: Leather armour    |   101 |    47 ||   148
         Skin              |       |    26 ||    26
  Dodge: Dodged            |    99 |    43 ||   142

Table legend: (Time is in decaauts)
 A = Elapsed time spent in this place.
 B = Non-inter-level travel time spent in this place.
 C = Inter-level travel time spent in this place.
 D = Time resting spent in this place.
 E = Time spent auto-exploring this place.
 F = Levels seen in this place.
 G = Mean time per level.
                   A        B        C        D        E       F      G
               +--------+--------+--------+--------+--------+-----+--------+
         Total |   1756 |   1685 |     71 |     72 |    992 |   5 |  351.2 |
       Dungeon |   1756 |   1685 |     71 |     72 |    992 |   5 |  351.2 |
               +--------+--------+--------+--------+--------+-----+--------+

Top non-repeatable levels by time:
     D:1: 742 daAuts
     D:2: 617 daAuts
     D:5: 276 daAuts
     D:3: 114 daAuts
     D:6: 4 daAuts
